[Event "January 9 Late 2024"]
[Site "https://www.chess.com"]
[Date "2024.01.09"]
[Round "2"]
[White "Korchmar, Vasiliy"]
[Black "Kornyukov, Alexey"]
[Result "1-0"]
[Board "108"]
[TimeControl "180+1"]
[WhiteFideId "24131750"]
[BlackFideId "4150457"]
[WhiteElo "2725"]
[BlackElo "2264"]
[WhiteTeam "RUS"]
[BlackTeam "RUS"]
[WhiteClock "0:00:33"]
[BlackClock "0:00:00"]

1. e4 c5 2. d4 cxd4 3. Qxd4 Nc6 4. Qd3 Nf6 5. Nc3 e5 6. Bg5 Bb4 7. Ne2 Qa5 8. Bxf6 gxf6 9. O-O-O d6 10. a3 Bc5 11. Nd5 Be6 12. Nec3 O-O-O 13. Qf3 Nd4 14. Qxf6 Kb8 15. Kb1 Bxd5 16. Nxd5 Bxa3 17. bxa3 Qc5 18. Ne3 Rc8 19. Bc4 Qb6+ 20. Ka1 Rxc4 21. Nxc4 1-0

[Event "January 9 Late 2024"]
[Site "https://www.chess.com"]
[Date "2024.01.09"]
[Round "2"]
[White "Dahlgren, James Allen"]
[Black "Nagare Kaivalya Sandip"]
[Result "0-1"]
[Board "109"]
[TimeControl "180+1"]
[WhiteFideId "22256873"]
[BlackFideId "25957929"]
[WhiteElo "2120"]
[BlackElo "2725"]
[WhiteTeam "ESP"]
[BlackTeam "IND"]
[WhiteClock "0:00:00"]
[BlackClock "0:01:42"]

1. e3 e5 2. c4 Nf6 3. Nc3 Nc6 4. d4 exd4 5. exd4 Bb4 6. Nf3 O-O 7. Bd3 Re8+ 8. Be3 d5 9. O-O Bg4 10. a3 Bxc3 11. bxc3 dxc4 12. Bxc4 Nd5 13. Bd2 Qd7 14. h3 Bh5 15. Rb1 Nb6 16. Be2 Bg6 17. Rb2 f6 18. Re1 Bf7 19. Bf4 Na5 20. Nd2 c6 21. Bf1 Nac4 22. Nxc4 Nxc4 23. Bxc4 Bxc4 24. Rxe8+ Rxe8 25. Be3 b5 26. Qf3 Bd5 27. Qg3 Qe7 28. a4 bxa4 29. Rb8 a3 30. Rxe8+ Qxe8 31. Qd6 a2 32. Qa3 Qb8 33. Bc1 Qb1 0-1

[Event "January 9 Late 2024"]
[Site "https://www.chess.com"]
[Date "2024.01.09"]
[Round "2"]
[White "Adewumi, Tanitoluwa"]
[Black "Dias, Joao Batista"]
[Result "1-0"]
[Board "111"]
[TimeControl "180+1"]
[WhiteFideId "30966396"]
[BlackFideId "2108240"]
[WhiteElo "2708"]
[BlackElo "2058"]
[WhiteTeam "USA"]
[BlackTeam "BRA"]
[WhiteClock "0:01:11"]
[BlackClock "0:00:46"]

1. e4 e5 2. Nf3 Nc6 3. Bc4 Be7 4. c3 Nf6 5. d4 exd4 6. e5 Ng4 7. cxd4 d5 8. Bd3 Be6 9. Nc3 a6 10. h3 Nh6 11. a3 Nf5 12. Be3 Qd7 13. Rc1 g6 14. b4 O-O 15. O-O Rfc8 16. Bxf5 Bxf5 17. Bg5 Bxg5 18. Nxg5 Ne7 19. Qd2 c6 20. Rce1 Be6 21. Na4 Qe8 22. Nb6 Nf5 23. Nxa8 Rxa8 24. g4 Ng7 25. Nf3 h5 26. Qh6 Bxg4 27. hxg4 hxg4 28. Ng5 Nf5 29. Qh7+ Kf8 30. e6 f6 31. e7+ Qxe7 32. Qh8# 1-0

[Event "January 9 Late 2024"]
[Site "https://www.chess.com"]
[Date "2024.01.10"]
[Round "2"]
[White "Sanal, Vahap"]
[Black "Mena, Martin"]
[Result "1-0"]
[Board "112"]
[TimeControl "180+1"]
[WhiteFideId "6300545"]
[BlackFideId "10651225"]
[WhiteElo "2916"]
[BlackElo "2090"]
[WhiteTeam "TUR"]
[BlackTeam "EGY"]
[WhiteClock "0:01:20"]
[BlackClock "0:00:01"]

1. e4 c6 2. d4 d5 3. exd5 cxd5 4. c4 Nf6 5. Nc3 g6 6. Qb3 Bg7 7. cxd5 O-O 8. Be2 Na6 9. Bf3 Nc7 10. Nge2 Rb8 11. Bf4 b5 12. Rc1 Nfe8 13. O-O Bf5 14. Rfe1 Bd3 15. Qd1 Bxe2 16. Qxe2 Bxd4 17. Qxe7 b4 18. Na4 Qxe7 19. Rxe7 Bf6 20. Bxc7 Rc8 21. Rd7 Be5 22. d6 Bxd6 23. Rc6 Rxc7 24. Rdxd6 Nxd6 25. Rxc7 Re8 26. g3 Nb5 27. Rb7 Nd4 28. Kg2 Nxf3 29. Kxf3 a5 30. Rb5 Ra8 31. Nc5 Ra7 32. Rb7 Ra8 33. Nd7 Kg7 34. Ne5 Rf8 35. Ra7 Kg8 36. Rxa5 f6 37. Nd3 Rd8 38. Nxb4 Rb8 39. a3 Rd8 40. Rd5 Rc8 41. a4 Rc4 42. Rb5 f5 43. a5 Kf7 44. a6 Rc8 45. a7 Ra8 46. Nc6 1-0

[Event "January 9 Late 2024"]
[Site "https://www.chess.com"]
[Date "2024.01.09"]
[Round "2"]
[White "Tari, Aryan"]
[Black "Martin Barcelo, Carles"]
[Result "0-1"]
[Board "113"]
[TimeControl "180+1"]
[WhiteFideId "1510045"]
[BlackFideId "24561444"]
[WhiteElo "2915"]
[BlackElo "2509"]
[WhiteTeam "NOR"]
[BlackTeam "ESP"]
[WhiteClock "0:00:01"]
[BlackClock "0:00:04"]

1. e4 e6 2. d4 d5 3. exd5 exd5 4. Nf3 Bd6 5. c4 c6 6. Nc3 Ne7 7. Bd3 O-O 8. O-O Bf5 9. Bxf5 Nxf5 10. Qb3 dxc4 11. Qxb7 Qb6 12. Qxa8 Nd7 13. Qxf8+ Nxf8 14. d5 h6 15. dxc6 Qxc6 16. Bd2 Ne6 17. Rae1 Bc5 18. Ne4 Nfd4 19. Ne5 Qd5 20. Nxc5 Qxc5 21. Re4 Qd5 22. Re3 Nf5 23. Bc3 Nxe3 24. fxe3 f6 25. Ng6 Kh7 26. Ne7 Qe4 27. Nf5 Nc5 28. h3 Nd3 29. Kh2 Ne5 30. Rf4 Qc2 31. Nd4 Qd3 32. e4 Qe3 33. Ne6 Qe2 34. Nf8+ Kg8 35. Ne6 Kh7 36. Bxe5 fxe5 37. Rf7 Qxe4 38. Rxg7+ Kh8 39. Rxa7 Qf5 40. Re7 e4 41. Re8+ Kh7 42. Re7+ Kg8 43. Kg3 Qe5+ 44. Kh4 Qf6+ 45. Kh5 Qxe7 46. Nd4 Qg5# 0-1

[Event "January 9 Late 2024"]
[Site "https://www.chess.com"]
[Date "2024.01.09"]
[Round "2"]
[White "Kadric, Denis"]
[Black "Murtazin, Bulat"]
[Result "1-0"]
[Board "114"]
[TimeControl "180+1"]
[WhiteFideId "14403803"]
[BlackFideId "24151351"]
[WhiteElo "2874"]
[BlackElo "2522"]
[WhiteTeam "MNE"]
[BlackTeam "RUS"]
[WhiteClock "0:00:35"]
[BlackClock "0:00:00"]

1. e4 e6 2. d3 d5 3. Nd2 Nf6 4. e5 Nfd7 5. f4 c5 6. Ndf3 Nc6 7. Nh3 Be7 8. g3 f6 9. exf6 Nxf6 10. Bg2 O-O 11. O-O Bd7 12. c3 Qc7 13. Qe2 Bd6 14. d4 Rae8 15. Be3 cxd4 16. cxd4 Ne4 17. Nf2 Nxf2 18. Bxf2 Qb6 19. Rfc1 Rc8 20. Bh3 Rfe8 21. Rc3 Bb4 22. Re3 Na5 23. Ng5 Rc6 24. Qh5 h6 25. Qf7+ Kh8 26. Qxd7 Re7 27. Nf7+ Kg8 28. Qd8+ Kxf7 29. Qxb6 Rxb6 30. a3 Bd6 31. Rae1 Bb8 32. f5 1-0

[Event "January 9 Late 2024"]
[Site "https://www.chess.com"]
[Date "2024.01.09"]
[Round "2"]
[White "Khamrakulov, Djurabek"]
[Black "Martinez Pla, Xavier"]
[Result "1/2-1/2"]
[Board "115"]
[TimeControl "180+1"]
[WhiteFideId "14201143"]
[BlackFideId "32074271"]
[WhiteElo "2783"]
[BlackElo "2486"]
[WhiteTeam "UZB"]
[BlackTeam "ESP"]
[WhiteClock "0:01:05"]
[BlackClock "0:00:43"]

1. e4 c5 2. c3 Nf6 3. e5 Nd5 4. Nf3 d6 5. d4 cxd4 6. cxd4 e6 7. Bc4 Be7 8. O-O O-O 9. Qe2 b6 10. Bxd5 exd5 11. Rd1 Na6 12. Nc3 Nc7 13. Bf4 h6 14. Qe3 Be6 15. h3 Rc8 16. Rac1 Qd7 17. exd6 Bxd6 18. Ne5 Bxe5 19. dxe5 Rfd8 20. Ne4 Ne8 21. Nd6 Rxc1 22. Rxc1 Nxd6 23. exd6 Rc8 24. Rc7 Rxc7 25. dxc7 d4 26. Qg3 g5 27. Bd2 Bxa2 28. Qa3 Qxc7 29. Qxa2 Qc2 30. Bb4 Qc1+ 31. Kh2 Qf4+ 32. Kg1 Qc1+ 33. Kh2 Qf4+ 34. Kg1 Qc1+ 1/2-1/2

[Event "January 9 Late 2024"]
[Site "https://www.chess.com"]
[Date "2024.01.09"]
[Round "2"]
[White "Kozak, Antoni"]
[Black "Nilsen, Tobias Lang"]
[Result "1-0"]
[Board "116"]
[TimeControl "180+1"]
[WhiteFideId "21832030"]
[BlackFideId "1521624"]
[WhiteElo "2761"]
[BlackElo "2457"]
[WhiteTeam "POL"]
[BlackTeam "NOR"]
[WhiteClock "0:01:09"]
[BlackClock "0:00:20"]

1. Nf3 d5 2. g3 Nc6 3. Bg2 e5 4. d3 Be6 5. Ng5 Bg4 6. h3 Bf5 7. e4 dxe4 8. Nxe4 Nf6 9. Nbc3 Bb4 10. Bd2 Nxe4 11. Nxe4 Bxd2+ 12. Qxd2 O-O 13. Nc5 Rb8 14. O-O Nd4 15. c3 Ne6 16. Nxe6 Bxe6 17. Rfe1 Qd6 18. Qe3 Rfd8 19. Rad1 Bxa2 20. Qxe5 Qxe5 21. Rxe5 Be6 22. d4 c6 23. f4 Kf8 24. Rde1 Bd5 25. Bxd5 cxd5 26. Kf2 Re8 27. Rxd5 Rxe1 28. Kxe1 Ke7 29. Kd2 f6 30. f5 b6 31. g4 a6 32. c4 g6 33. Kc3 Rc8 34. b4 Rc6 35. b5 axb5 36. Rxb5 gxf5 37. Rxf5 Re6 38. Rh5 Kd6 39. Rxh7 Re3+ 40. Kb4 Rd3 41. Rh8 Rd1 42. c5+ bxc5+ 43. dxc5+ Kc6 44. Rc8+ Kd7 45. Rh8 Kc6 46. Rh5 Rd3 47. Kc4 Rf3 48. Rf5 Rxh3 49. Rxf6+ Kd7 50. g5 Rh1 51. Rd6+ Kc7 52. g6 Re1 53. Rf6 Re2 54. Kd5 Re1 55. Rf7+ Kd8 56. g7 Rd1+ 57. Kc6 1-0

[Event "January 9 Late 2024"]
[Site "https://www.chess.com"]
[Date "2024.01.09"]
[Round "2"]
[White "Bardyk, Artem"]
[Black "Kazmaier, Daniel"]
[Result "1-0"]
[Board "117"]
[TimeControl "180+1"]
[WhiteFideId "34349979"]
[BlackFideId "2606089"]
[WhiteElo "2755"]
[BlackElo "2454"]
[WhiteTeam "RUS"]
[BlackTeam "CAN"]
[WhiteClock "0:02:31"]
[BlackClock "0:01:22"]

1. e4 e6 2. d4 d5 3. Nc3 Nf6 4. exd5 exd5 5. Bg5 c6 6. Qe2+ Be6 7. f4 h6 8. Bh4 Be7 9. Bxf6 gxf6 10. g4 f5 11. gxf5 Bxf5 12. Qe5 Rg8 13. Qxf5 Bh4+ 14. Kd1 Nd7 15. Nf3 Qe7 16. Bh3 O-O-O 17. Ne5 Rge8 18. Nxd7 1-0

[Event "January 9 Late 2024"]
[Site "https://www.chess.com"]
[Date "2024.01.09"]
[Round "2"]
[White "Sroczynski, Maciej"]
[Black "Schnaider, Ilan"]
[Result "0-1"]
[Board "118"]
[TimeControl "180+1"]
[WhiteFideId "1121472"]
[BlackFideId "169013"]
[WhiteElo "2447"]
[BlackElo "2736"]
[WhiteTeam "POL"]
[BlackTeam "ARG"]
[WhiteClock "0:01:05"]
[BlackClock "0:00:43"]

1. d4 Nf6 2. c4 g6 3. Nc3 d5 4. Nf3 Bg7 5. Bf4 O-O 6. e3 c5 7. dxc5 Qa5 8. Nd2 dxc4 9. Bxc4 Rd8 10. Qb3 e6 11. Qb5 Nc6 12. Nb3 Qxb5 13. Nxb5 Bd7 14. Ke2 Nb4 15. Bd6 Ne4 16. a3 Nd5 17. Bxd5 Bxb5+ 18. Kf3 exd5 19. Rhd1 Nxd6 20. cxd6 Rxd6 21. Nd4 Bxd4 22. Rxd4 Rc8 23. a4 Bd7 24. Rad1 Rc2 25. Rxd5 Rxd5 26. Rxd5 Bc6 0-1

[Event "January 9 Late 2024"]
[Site "https://www.chess.com"]
[Date "2024.01.09"]
[Round "2"]
[White "Khatoev, Eduard"]
[Black "Kovalevsky, Stanislav"]
[Result "1-0"]
[Board "119"]
[TimeControl "180+1"]
[WhiteFideId "24145076"]
[BlackFideId "13508598"]
[WhiteElo "2732"]
[BlackElo "2421"]
[WhiteTeam "RUS"]
[BlackTeam "FID"]
[WhiteClock "0:01:43"]
[BlackClock "0:00:07"]

1. Nf3 d5 2. e3 Bg4 3. h3 Bh5 4. g4 Bg6 5. Ne5 Nc6 6. Nxg6 hxg6 7. Nc3 e5 8. Bg2 e4 9. a3 Ne5 10. d4 Nc6 11. Bd2 Nf6 12. f3 Bd6 13. fxe4 Bg3+ 14. Kf1 dxe4 15. Nxe4 Nxe4 16. Bxe4 Nxd4 17. exd4 Qxd4 18. Qe2 O-O-O 19. Bd3 Rd6 20. Kg2 Bh4 21. Rhf1 Re6 22. Qf3 Rf6 23. Bc3 Rxf3 24. Bxd4 Rg3+ 25. Kh1 Rxh3+ 26. Kg2 Rg3+ 27. Kh2 Rxg4 28. Bxg7 Rh7 29. Kh3 f5 30. Rxf5 Rg3+ 31. Kh2 Rxg7 32. Rf8+ Kd7 33. Rd1 Kc6 34. Bf1 Rh7 35. Rf4 Rg5 36. Rf6+ Kc5 37. b4# 1-0

[Event "January 9 Late 2024"]
[Site "https://www.chess.com"]
[Date "2024.01.10"]
[Round "2"]
[White "Jarmula, Lukasz"]
[Black "Hoeffer, David"]
[Result "0-1"]
[Board "120"]
[TimeControl "180+1"]
[WhiteFideId "1160664"]
[BlackFideId "24606766"]
[WhiteElo "2724"]
[BlackElo "2422"]
[WhiteTeam "POL"]
[BlackTeam "GER"]
[WhiteClock "0:00:05"]
[BlackClock "0:00:05"]

1. d4 d5 2. c4 c6 3. Nf3 Nf6 4. e3 e6 5. Nc3 Nbd7 6. Qc2 Bd6 7. b3 O-O 8. Be2 b6 9. O-O Bb7 10. Bb2 Qe7 11. Rae1 Rfe8 12. e4 dxe4 13. Nxe4 Nxe4 14. Qxe4 Nf6 15. Qh4 Ba3 16. Bxa3 Qxa3 17. Bd3 h6 18. g4 Qe7 19. g5 hxg5 20. Nxg5 g6 21. Re3 Kg7 22. Rfe1 Rh8 23. Qg3 Nh5 24. Qg4 Nf6 25. Qg2 Rh6 26. Rg3 c5 27. d5 e5 28. f4 e4 29. Bxe4 Nxe4 30. Nxe4 Re8 31. Qb2+ Kf8 32. Rge3 Qh4 33. Qf6 Qxh2+ 34. Kf1 Bc8 35. Qd6+ Kg7 36. Qf6+ Kg8 37. Nf2 Rf8 38. Qg5 Rh5 39. Qg2 Qxf4 40. Rf3 Qd4 41. Ne4 Bf5 42. Nf2 Qh4 43. Rg3 Kg7 44. Ng4 Bxg4 45. Rxg4 Qf6+ 46. Qf2 Rf5 0-1

[Event "January 9 Late 2024"]
[Site "https://www.chess.com"]
[Date "2024.01.09"]
[Round "2"]
[White "Rubio Tent, Francisco"]
[Black "Agibileg, Uurtsaikh"]
[Result "0-1"]
[Board "121"]
[TimeControl "180+1"]
[WhiteFideId "2238233"]
[BlackFideId "4901606"]
[WhiteElo "2416"]
[BlackElo "2718"]
[WhiteTeam "ESP"]
[BlackTeam "MGL"]
[WhiteClock "0:00:00"]
[BlackClock "0:00:09"]

1. e4 e5 2. Nf3 Nc6 3. Bb5 a6 4. Ba4 Nf6 5. d3 d6 6. c3 Bd7 7. O-O g6 8. Re1 Bg7 9. d4 O-O 10. h3 exd4 11. cxd4 d5 12. e5 Ne4 13. Nc3 Bf5 14. Bb3 Nxc3 15. bxc3 Na5 16. Bg5 Qd7 17. Qd2 Nxb3 18. axb3 Be4 19. Qf4 Qf5 20. Nd2 Qxf4 21. Bxf4 Bf5 22. g4 Bd7 23. Bg3 Rac8 24. b4 h6 25. f4 Rfe8 26. Nb3 Bf8 27. Kf2 Bb5 28. Re3 b6 29. f5 c5 30. bxc5 bxc5 31. Nxc5 Rxc5 32. dxc5 Bxc5 33. Kf3 d4 34. cxd4 Bxd4 35. Rc1 Bxe3 36. Kxe3 Rd8 37. e6 fxe6 38. fxe6 Re8 39. Rc7 Rxe6+ 40. Kd4 h5 41. Be5 Kf8 42. Ra7 Ke8 43. Kd5 Rb6 44. Bd6 Bd7 45. Bc5 Rf6 46. Ra8+ Kf7 47. gxh5 Bc6+ 48. Kd4 Bxa8 0-1

[Event "January 9 Late 2024"]
[Site "https://www.chess.com"]
[Date "2024.01.09"]
[Round "2"]
[White "Stachanczyk, Jacek"]
[Black "Niekras, Dawid"]
[Result "0-1"]
[Board "122"]
[TimeControl "180+1"]
[WhiteFideId "1116657"]
[BlackFideId "1160451"]
[WhiteElo "2404"]
[BlackElo "2705"]
[WhiteTeam "POL"]
[BlackTeam "POL"]
[WhiteClock "0:00:10"]
[BlackClock "0:00:01"]

1. e4 d6 2. d4 Nf6 3. Nc3 c6 4. f4 Qb6 5. Be2 e5 6. Nf3 Nbd7 7. O-O exd4 8. Nxd4 Nc5 9. e5 dxe5 10. fxe5 Ne6 11. Be3 Nxd4 12. Bxd4 Bc5 13. exf6 Bxd4+ 14. Kh1 Bxf6 15. Rxf6 gxf6 16. Ne4 Be6 17. Nxf6+ Ke7 18. Qf1 Rad8 19. Bd3 Qxb2 20. Rb1 Qxf6 21. Rxb7+ Rd7 22. Rxd7+ Bxd7 23. Qb1 Qe5 24. h3 Rb8 25. Qc1 Kd6 26. Qa3+ Kc7 27. Qxa7+ Rb7 28. Qf2 Rb1+ 29. Bf1 Qf5 30. Qa7+ Kd8 31. Qb8+ Rxb8 0-1

[Event "January 9 Late 2024"]
[Site "https://www.chess.com"]
[Date "2024.01.09"]
[Round "2"]
[White "Schmakel, Sam"]
[Black "Krzywda, Andrzej"]
[Result "1-0"]
[Board "123"]
[TimeControl "180+1"]
[WhiteFideId "2039311"]
[BlackFideId "1114565"]
[WhiteElo "2695"]
[BlackElo "2400"]
[WhiteTeam "USA"]
[BlackTeam "POL"]
[WhiteClock "0:00:17"]
[BlackClock "0:00:00"]

1. d4 d5 2. c4 dxc4 3. Nf3 Nf6 4. e3 e6 5. Bxc4 c5 6. O-O Nc6 7. Nc3 a6 8. a3 b5 9. Ba2 Be7 10. d5 exd5 11. Nxd5 Nxd5 12. Bxd5 Bb7 13. e4 O-O 14. Bf4 Qb6 15. Qe2 Rad8 16. Rfd1 Rfe8 17. e5 Nd4 18. Nxd4 Bxd5 19. Nf5 Bf8 20. Qg4 Be6 21. Qg5 Bxf5 22. Qxf5 c4 23. Rd7 Rxd7 24. Qxd7 Rd8 25. Qf5 Qd4 26. h4 Qxb2 27. Re1 Bc5 28. Bg5 Re8 29. h5 h6 30. Bh4 Qd2 31. Re4 c3 32. e6 fxe6 33. Rxe6 Rf8 34. Qxc5 c2 35. Rc6 Qe1+ 36. Kh2 Qe4 37. Bg3 Rf5 38. Rc8+ Kh7 39. Qxc2 Rxh5+ 40. Kg1 Qxc2 41. Rxc2 a5 42. Rb2 b4 43. axb4 Rb5 44. Bd6 axb4 45. Rxb4 Rd5 46. Bf4 h5 47. Be3 Kg6 48. Rc4 Kf7 49. Rc5 Rd1+ 50. Kh2 g6 51. f3 Ke6 52. Kg3 Rd3 53. Bg5 Rb3 54. Kh4 Kf7 55. Rc7+ Kg8 56. Rc6 Rb4+ 57. Kg3 Kg7 58. Rc7+ Kg8 59. Bf6 Rb6 60. Be5 1-0

[Event "January 9 Late 2024"]
[Site "https://www.chess.com"]
[Date "2024.01.09"]
[Round "2"]
[White "Garakov, Mikhael"]
[Black "Bogaudinov, Rushan"]
[Result "1/2-1/2"]
[Board "124"]
[TimeControl "180+1"]
[WhiteFideId "4169034"]
[BlackFideId "4129288"]
[WhiteElo "2651"]
[BlackElo "2381"]
[WhiteTeam "RUS"]
[BlackTeam "RUS"]
[WhiteClock "0:00:03"]
[BlackClock "0:00:09"]

1. e4 e6 2. d4 a6 3. Nc3 b5 4. Bd3 Bb7 5. Nf3 Nf6 6. e5 Nd5 7. Ne4 d6 8. c3 Be7 9. O-O Nd7 10. exd6 cxd6 11. a4 bxa4 12. Rxa4 O-O 13. Qe2 a5 14. Bd2 N7b6 15. Ra2 a4 16. c4 Nf6 17. Nc3 Qc7 18. Nb5 Qd7 19. Rc1 Rfc8 20. Na3 Qc6 21. d5 Qd7 22. dxe6 Qxe6 23. Qxe6 fxe6 24. Re1 e5 25. Be3 Nbd7 26. Nd2 Ng4 27. Be4 Bxe4 28. Nxe4 Nxe3 29. fxe3 Nc5 30. Nxc5 Rxc5 31. Raa1 Rb8 32. Re2 e4 33. Rd1 Rb3 34. Rdd2 Kf7 35. Rc2 Bg5 36. Nb5 Bxe3+ 37. Kf1 Rf5+ 38. Ke1 Bc5 39. Rxe4 a3 40. bxa3 Bxa3 41. Nd4 Rb1+ 42. Ke2 Re5 43. Rxe5 dxe5 44. Nf3 Ke6 45. c5 Rb7 46. c6 Rc7 47. Ng5+ Kd5 48. Nxh7 Rxc6 49. Rxc6 Kxc6 50. Ng5 Kd5 51. Kd3 Be7 52. Ne4 Bd8 53. Ke3 Ke6 54. Kf3 Be7 55. g3 Kf5 56. h4 Ke6 57. h5 Kf5 58. g4+ Ke6 59. Ng3 Bg5 60. Ke4 Kf6 61. Nf5 Bf4 62. Nd6 Kg5 63. Kf3 Kf6 64. Ne4+ Ke6 65. Nc5+ Kd5 66. Ne4 Ke6 67. Nf2 Kf6 68. Nh3 Bc1 69. Ke4 Ke6 70. Kf3 Kf6 71. Nf2 Ke6 72. Ne4 Bf4 1/2-1/2

[Event "January 9 Late 2024"]
[Site "https://www.chess.com"]
[Date "2024.01.09"]
[Round "2"]
[White "Perske, Thore"]
[Black "Bonin, Jay"]
[Result "1-0"]
[Board "125"]
[TimeControl "180+1"]
[WhiteFideId "12902195"]
[BlackFideId "2000644"]
[WhiteElo "2640"]
[BlackElo "2319"]
[WhiteTeam "GER"]
[BlackTeam "USA"]
[WhiteClock "0:00:11"]
[BlackClock "0:00:08"]

1. e4 c5 2. Nf3 Nc6 3. g3 e5 4. Bg2 g6 5. O-O Bg7 6. d3 Nge7 7. Nc3 d6 8. a4 h6 9. Nd2 O-O 10. Nc4 Be6 11. Nd5 Bxd5 12. exd5 Nb4 13. Ne3 f5 14. c3 Na6 15. Qb3 Rb8 16. f4 exf4 17. gxf4 Kh7 18. Bd2 g5 19. h3 gxf4 20. Rxf4 Be5 21. Rf2 Bg3 22. Rf3 f4 23. Ng4 Nf5 24. Qc4 h5 25. Nf2 Nh4 26. Rxg3 fxg3 27. Ne4 Nxg2 28. Kxg2 Qe7 29. Re1 Qg7 30. Ng5+ Kh8 31. Ne6 Rf2+ 32. Kg1 Qf6 33. Bf4 Re8 34. Re4 Rxe6 35. dxe6 d5 36. e7 dxc4 37. e8=Q+ Kh7 38. Re7+ Qxe7 39. Qxe7+ Kg6 40. Qe6+ Kg7 41. Be5+ 1-0

[Event "January 9 Late 2024"]
[Site "https://www.chess.com"]
[Date "2024.01.09"]
[Round "2"]
[White "Olenik Campa, Rudi"]
[Black "Skaric, Djuro"]
[Result "1-0"]
[Board "126"]
[TimeControl "180+1"]
[WhiteFideId "14633264"]
[BlackFideId "934569"]
[WhiteElo "2579"]
[BlackElo "2309"]
[WhiteTeam "SLO"]
[BlackTeam "SRB"]
[WhiteClock "0:00:09"]
[BlackClock "0:00:03"]

1. e4 d6 2. d4 g6 3. g3 Bg7 4. Bg2 Nf6 5. Ne2 O-O 6. O-O Nc6 7. h3 e5 8. c3 Nd7 9. Be3 f5 10. dxe5 dxe5 11. Nd2 Nb6 12. Qc2 Be6 13. a4 Qe7 14. a5 Nd7 15. a6 f4 16. gxf4 bxa6 17. Rxa6 Nb6 18. fxe5 Qh4 19. Nf3 Rxf3 20. Bxf3 Bxh3 21. Bg2 Qg4 22. Ng3 Nxe5 23. Qe2 Qc8 24. f4 Bxg2 25. Kxg2 Nec4 26. Raa1 h5 27. Rh1 Nxe3+ 28. Qxe3 Qg4 29. Qf3 Qe6 30. f5 Qb3 31. Raf1 Qxb2+ 32. Rf2 Qxc3 33. Qxc3 Bxc3 34. fxg6 Kg7 35. Nxh5+ Kxg6 36. Nf4+ Kg7 37. Kf3 Rf8 38. Rg2+ Kf6 39. Nd3 Bd4 40. Ke2 Ke7 41. Rh7+ Kd6 42. Rg6+ Rf6 43. Rxf6+ Bxf6 44. Rh6 Ke7 45. Nb4 Kf7 46. Rh7+ Kg6 47. Rxc7 a5 48. Nd5 Nxd5 49. exd5 Be5 50. Ra7 Bc3 51. Kd3 Bb4 52. Kc4 Kf5 53. Kb5 Ke5 54. Kc6 Bf8 55. Ra8 Bb4 56. Re8+ Kf6 57. d6 Kf7 58. d7 1-0

[Event "January 9 Late 2024"]
[Site "https://www.chess.com"]
[Date "2024.01.09"]
[Round "2"]
[White "Carvajal Gorgona, Jonathan"]
[Black "Kokoszczynski, Jan"]
[Result "0-1"]
[Board "127"]
[TimeControl "180+1"]
[WhiteFideId "6500625"]
[BlackFideId "1174460"]
[WhiteElo "2270"]
[BlackElo "2564"]
[WhiteTeam "CRC"]
[BlackTeam "POL"]
[WhiteClock "0:00:01"]
[BlackClock "0:00:12"]

1. e4 c5 2. Nc3 Nc6 3. f4 g6 4. Nf3 Bg7 5. a4 e6 6. e5 d5 7. d4 cxd4 8. Nb5 Bf8 9. Nbxd4 Nge7 10. c3 Nxd4 11. Nxd4 Nc6 12. Be3 h5 13. Bd3 Bc5 14. Nxc6 Qb6 15. Bxc5 Qxc5 16. Nd4 Bd7 17. O-O a6 18. Kh1 h4 19. a5 Rc8 20. Qb3 Qc7 21. Qb6 Qxb6 22. axb6 Ke7 23. Ra3 Rc5 24. b4 Rcc8 25. Rc1 Rhd8 26. Kg1 Rg8 27. Kf2 g5 28. fxg5 Rxg5 29. Nf3 Rg4 30. b5 axb5 31. Ra7 Rb8 32. Nd4 b4 33. Nb5 b3 34. Nd6 Bc6 35. Rb1 d4 36. g3 hxg3+ 37. hxg3 Rh8 38. Rxb3 Rh2+ 39. Ke1 Rxg3 40. Nxb7 Re3+ 41. Kd1 Bf3+ 42. Be2 Rexe2 43. Nd6+ Kf8 44. Rxf7+ Kg8 45. Rxf3 Ra2 46. Rg3+ Kh8 47. Rb1 Rh1+ 0-1

[Event "January 9 Late 2024"]
[Site "https://www.chess.com"]
[Date "2024.01.09"]
[Round "2"]
[White "Jing, Andrew"]
[Black "Caruana, Fabiano"]
[Result "0-1"]
[Board "128"]
[TimeControl "180+1"]
[WhiteFideId "30984076"]
[BlackFideId "2020009"]
[WhiteElo "2153"]
[BlackElo "3013"]
[WhiteTeam "USA"]
[BlackTeam "USA"]
[WhiteClock "0:00:04"]
[BlackClock "0:00:06"]

1. d4 a6 2. e4 b5 3. Nf3 Bb7 4. Bd3 e6 5. c3 Nf6 6. Qe2 d5 7. e5 Ne4 8. Nbd2 Nxd2 9. Bxd2 c5 10. O-O Nc6 11. Rac1 Be7 12. Bb1 Qb6 13. Be3 c4 14. Bg5 h6 15. Bxe7 Nxe7 16. Nh4 O-O-O 17. a3 Kb8 18. f4 g6 19. g4 h5 20. Rf2 hxg4 21. Qxg4 Rh5 22. Nf3 Nf5 23. Bxf5 exf5 24. Qg3 Bc8 25. Ng5 Be6 26. Kg2 Rdh8 27. Kf3 a5 28. Rcc2 b4 29. axb4 axb4 30. Ke3 Bd7 31. Rcd2 f6 32. Nf3 fxe5 33. fxe5 Rh3 34. Qf4 Be6 35. Rg2 Qa5 36. Rc2 Qa1 37. Rxg6 Qe1+ 38. Re2 Qc1+ 39. Rd2 R8h4 40. Qxh4 Rxh4 41. Nxh4 f4+ 42. Ke2 Bh3 43. Ng2 f3+ 44. Kxf3 Qxd2 45. Nf4 Bf5 46. Rg8+ Ka7 47. Rg7+ Ka6 48. Nxd5 Qd3+ 49. Kf2 Qd2+ 50. Kf3 Qxb2 51. Nxb4+ Kb5 52. Rb7+ Ka4 53. Na6 Qxc3+ 54. Kf4 Bc8 55. Nc5+ Ka5 56. Rb8 Qxd4+ 57. Ne4 Bd7 58. Kf3 Bc6 0-1

[Event "January 9 Late 2024"]
[Site "https://www.chess.com"]
[Date "2024.01.09"]
[Round "2"]
[White "Musalov, Ruslan"]
[Black "Kovalev, Vladislav"]
[Result "1/2-1/2"]
[Board "129"]
[TimeControl "180+1"]
[WhiteFideId "4141490"]
[BlackFideId "13504398"]
[WhiteElo "2447"]
[BlackElo "2885"]
[WhiteTeam "RUS"]
[BlackTeam "FID"]
[WhiteClock "0:00:08"]
[BlackClock "0:00:08"]

1. e4 e5 2. Nf3 Nc6 3. b3 Nf6 4. d3 d5 5. Nbd2 Bb4 6. Qe2 Bc3 7. Rb1 Nb4 8. Qd1 dxe4 9. dxe4 Nxe4 10. Bc4 Bf5 11. O-O Nxd2 12. Nxd2 O-O 13. Qf3 Bxd2 14. Qxf5 Bxc1 15. Rbxc1 Qf6 16. Qxf6 gxf6 17. a3 Nc6 18. c3 Rfd8 19. Rfd1 Na5 20. Kf1 Nxc4 21. bxc4 Kf8 22. Ke2 Ke7 23. Rd5 Rxd5 24. cxd5 Kd6 25. c4 Rg8 26. g3 Rg4 27. f4 exf4 28. Kf3 f5 29. gxf4 Kc5 30. Re1 Kd6 31. Re5 Rh4 32. Rxf5 Rxh2 33. Rxf7 Rc2 34. Rxh7 Rxc4 35. f5 Rc1 36. Ke4 Rc4+ 37. Ke3 Ke5 38. Kd3 Rc5 39. Ke3 b5 40. Kd3 a5 41. Re7+ Kxf5 42. Kd4 Rc4+ 43. Kd3 a4 44. Re8 Rc5 45. Kd4 Rc4+ 46. Kd3 Rc1 47. Rb8 Rb1 48. Kd4 b4 49. axb4 a3 50. Ra8 Rxb4+ 51. Kc5 Rb3 52. Kc4 Re3 53. Ra7 Ke5 54. Rxc7 a2 55. Ra7 Re2 56. Kb3 Kxd5 57. Rxa2 Re3+ 58. Kb2 Kc4 59. Ra8 Re2+ 60. Kb1 Re1+ 61. Kb2 Re2+ 62. Kb1 Kb3 63. Rb8+ Kc3 64. Rc8+ Kb3 65. Rb8+ Kc3 66. Rc8+ Kb3 67. Rb8+ 1/2-1/2

[Event "January 9 Late 2024"]
[Site "https://www.chess.com"]
[Date "2024.01.09"]
[Round "2"]
[White "Peycheva, Gergana"]
[Black "Beerdsen, Thomas"]
[Result "0-1"]
[Board "130"]
[TimeControl "180+1"]
[WhiteFideId "2916711"]
[BlackFideId "1030108"]
[WhiteElo "2447"]
[BlackElo "2837"]
[WhiteTeam "BUL"]
[BlackTeam "NED"]
[WhiteClock "0:00:03"]
[BlackClock "0:02:02"]

1. d4 Nf6 2. c4 a6 3. Nc3 b5 4. cxb5 axb5 5. Nxb5 e5 6. e3 exd4 7. exd4 Bb4+ 8. Nc3 Bb7 9. Nf3 Qe7+ 10. Be2 Ne4 11. Qc2 Nxc3 12. bxc3 Bxf3 13. gxf3 Bd6 14. O-O O-O 15. Qe4 Nc6 16. Bd3 g6 17. a4 Qf6 18. f4 Ra5 19. Kh1 Rh5 20. Rg1 Ne7 21. Be3 Nd5 22. Rg5 Rxh2+ 23. Kxh2 Qxg5 24. Rg1 Bxf4+ 25. Bxf4 Qh4+ 26. Kg2 Nxf4+ 27. Kf3 Qh2 28. Rg3 Nh3 29. Qe3 Ng1+ 30. Ke4 Re8+ 0-1